 Dungeon Crawl Stone Soup version 0.19-a0-994-g3c636f0 (webtiles) character file.

10 4thArraOfDagon the Shooter (level 2, -6/18 HPs)
             Began as a High Elf Wanderer on July 16, 2016.
             Mangled by Sigmund
             ... wielding a +0 scythe
              (9 damage)
             ... on level 2 of the Dungeon.
             The game lasted 00:01:09 (243 turns).

4thArraOfDagon the Shooter (High Elf Wanderer)       Turns: 243, Time: 00:01:10

Health: -6/18      AC:  5    Str: 16    XL:     2   Next: 10%
Magic:  3/3        EV: 10    Int: 12    God:
Gold:   0          SH:  0    Dex: 12    Spells: 0 memorised, 1 level left

rFire  . . .     SeeInvis .     b - +0 shortbow
rCold  . . .     Gourm    .     d - +0 ring mail
rNeg   . . .     Faith    .     (shield currently unavailable)
rPois  .         Spirit   .     (no helmet)
rElec  .         Dismiss  .     (no cloak)
rCorr  .         Reflect  .     (no gloves)
SustAt +         Harm     .     (no boots)
MR     .....                    (no amulet)
Stlth  +.........               g - ring of sustain attributes
                                e - ring of wizardry

@: not resistant to hostile enchantments, very unstealthy
A: no striking features
a: no special abilities


You were on level 2 of the Dungeon.
You were not hungry.

You visited 1 branch of the dungeon, and saw 2 of its levels.

Inventory:

Hand Weapons
 b - a +0 shortbow (weapon)
Missiles
 c - 31 arrows (quivered)
Armour
 d - a +0 ring mail (worn)
Jewellery
 e - a ring of wizardry (left hand)
 g - a ring of sustain attributes (right hand)
Wands
 a - a wand of flame (15/48)
Scrolls
 h - a scroll of teleportation {unknown}
Comestibles
 f - a bread ration


   Skills:
 - Level 1.0 Fighting
 * Level 3.0 Bows
 - Level 2.6 Armour
   Level 1.0 Shields
   Level 1.7 Summonings
   Level 1.1 Transmutations
 - Level 1.0 Evocations


You had one spell level left.
You didn't know any spells.

Dungeon Overview and Level Annotations

Branches:
Dungeon (2/15)

Altars:

Annotations:
D:2 Sigmund


Message History

Unknown command.
The bat hits you but does no damage. x2
Unknown command.
The bat closely misses you.
Sigmund breathes a few words.
Sigmund's hands start flickering wildly.
Sigmund casts a spell at you. You resist with significant effort.
Unknown command.
Unknown command.
The bat misses you. The bat closely misses you.
Unknown command.
Unknown command.
The bat barely misses you. The rat bites you but does no damage.
The bat hits you but does no damage.
Unknown command.
Unknown command.
Sigmund hits you from afar with a scythe!
Ouch! That really hurt!
You die...

........%...#
...........#####
#................
#.#...........#
#...#.....ww..##
....#####..##g.#
#.#####.####@##
#....#..# #.r###
##....(.## ##b@.#
##.†......#
###...#
...#.#......#
#..#
.###.....##...#
...#
...####....##....
.... .#..###....#
... ####.
.†#.....#...# ..
.............. .
.######.#.#...


You could see Sigmund, a worm, a hobgoblin, a bat and a rat.

Vanquished Creatures
  An ooze (D:1)
  2 ball pythons (D:2)
  A hobgoblin (D:1)
  A giant newt (D:2)
  A rat (D:2)
6 creatures vanquished.

Notes
Turn   | Place    | Note
-------+----------+-------------------------------------------
     0 | D:1      | 4thArraOfDagon the High Elf Wanderer began the quest for the Orb.
     0 | D:1      | 4thArraOfDagon set off with: a wand of flame (15/48), a +0 shortbow, 31 arrows, a +0 ring mail, a bread ration
     0 | D:1      | Reached XP level 1. HP: 13/13 MP: 2/2
    28 | D:1      | Reached skill level 2 in Bows
   152 | D:2      | Reached XP level 2. HP: 18/18 MP: 3/3
   215 | D:2      | Reached skill level 3 in Bows
   228 | D:2      | Noticed Sigmund
   243 | D:2      | Mangled by Sigmund

Vault maps used:
D:1:      sevenhm_arrival_forest_fort_large_4, serial_co_window_serial,
          co_window_paths_b, co_window_corner_a, co_window_corner_a,
          co_window_of_opportunity_a, co_window_paths_a, co_window_corner_a,
          co_window_paths_b, co_window_broadway_b, co_window_of_opportunity_b,
          co_window_cross_3, co_window_of_opportunity_b, co_window_4corner_a,
          co_window_4corner_b, glass_columns_b, glass_columns_c, glass_columns_b
D:2:      first_bread, uniq_terence, uniq_natasha, uniq_robin, uniq_sigmund

Skill      XL: |  1  2 |
---------------+-------+-----
Bows           | 2 3 |  3.0
Fighting       | |  1.0
Armour         | |  2.6
Shields        | |  1.0
Summonings     | |  1.7
Transmutations | |  1.1
Evocations     | |  1.0

Action                   || total
-------------------------++-------
Melee: Shortbow          ||     1
 Fire: Shortbow          ||    19
Armor: Ring mail         ||     6
Dodge: Dodged            ||    10
